 Dungeon Crawl Stone Soup version 0.31-a0-810-ga77100ea1a (webtiles) character file.

Game seed: 13939812257251644086

10 ytrimaz the Ruffian (level 2, 0/18 HPs)
             Began as an Octopode Shapeshifter on Sept 21, 2023.
             Slain by a jackal (3 damage)
             ... on level 1 of the Dungeon.
             The game lasted 00:00:27 (217 turns).

ytrimaz the Ruffian (Octopode Shapeshifter)          Turns: 217, Time: 00:00:27

Health: 0/18       AC:  1    Str: 13    XL:     2   Next: 20%
Magic:  2/2        EV: 13    Int: 12    God:
Gold:   20         SH:  0    Dex: 11    Spells: 1/1 levels left

rFire   . .          .
                       - Unarmed
rCold   . . .        (no shield)
rNeg    . . .        (helmet currently unavailable)
rPois   .            (no amulet)
rElec   .            (no ring)
rCorr   .            (no ring)
SInv    .            (no ring)
Will    .....        (no ring)
Stlth   +++          (no ring)
HPRegen 0.23/turn    (no ring)
MPRegen 0.08/turn    (no ring)
                     (no ring)

%: no passive effects
@: beast-form
A: beast (slay +1), almost no armour, amphibious, 8 rings, camouflage 1,
gelatinous body 1, (nimble swimmer 1), tentacles
a: Begin Untransformation


You were on level 1 of the Dungeon.
You were a hulking beast.
You visited 1 branch of the dungeon, and saw 1 of its levels.

You collected 20 gold pieces.


Innate Abilities, Weirdness & Mutations

You are a hulking beast.
Your limbs bulge with bestial killing power. (Slay +1)
You cannot wear most types of armour.
You are amphibious.
You can wear up to eight rings at the same time.
Your skin changes colour to match your surroundings (Stealth+).
Your rubbery body absorbs attacks. (AC +1, EV +1)
((You are camouflaged when in or above water. (Stealth+)))
You have tentacles for arms and can constrict up to eight enemies at once.


   Skills:
 - Level 1.0 Fighting
 - Level 2.0 Dodging
 + Level 1.3 Stealth
 + Level 3.2 Unarmed Combat
 + Level 3.1 Shapeshifting


You had one spell level left.
You didn't know any spells.
Your spell library was empty.

Inventory:

Talismans
 b - a beast talisman (active)
 c - a flux talisman
Scrolls
 d - 3 scrolls of enchant weapon {unknown}
 e - a scroll of identify {unknown}
 f - a scroll of noise {unknown}
Potions
 a - a potion of lignification

Dungeon Overview and Level Annotations

Branches:
Dungeon (1/15) Zot: 5783

Altars:

.####....##........#.#
.# . .#
####.##.)........#
##.#.. ##
#...........#.##......
##########............
##.........#.
###...........
#...........#.
#h#...........
#h#...........
#hh.#.........
###.####....>. #.#
.#.... ..# .#.### ..


You could see 3 jackals.


Message History

Your hp is fully restored (18).
A goblin comes into view. It is wielding a +0 club.
Unknown command.
A goblin is nearby!
A goblin is nearby!
A goblin is nearby!
The goblin shouts!
A goblin is nearby!
The goblin hits you with a +0 club. 😮 HP[-5]
You take 5 damage, and now have 13/18 hp.
MASSIVE DAMAGE!! (PAUSE)
You are too injured to fight recklessly!
You barely miss the goblin. You grab the goblin. You squeeze the goblin.
You constrict the goblin. The goblin misses you.
You tentacle-slap the goblin.
You kill the goblin!
A frilled lizard comes into view.
Unknown command.
You see here a +0 club.
Unknown command. 😕 HP[+1]
A frilled lizard is nearby!
A frilled lizard is nearby!
Unknown command.
A frilled lizard is nearby!
The frilled lizard hisses angrily.
You tentacle-slap the frilled lizard.
You kill the frilled lizard!
No target in view!
A jackal comes into view.
A jackal is nearby!
Unknown command.
A jackal is nearby! 😕 HP[+1]
A jackal comes into view.
The jackal barks! x2; You hear a bark!
A jackal comes into view. x2
The jackal moves out of view.
Found a stone staircase leading down.
The jackal barely misses you. The jackal bites you. 😮 HP[-2]
You take 2 damage, and now have 13/18 hp.
You are too injured to fight recklessly!
The jackal closely misses you. The jackal misses you. 😕 HP[+1]
You barely miss the jackal. Your grab misses the jackal.
Your squeeze misses the jackal. The jackal bites you.
The jackal barely misses you. The jackal misses you. The jackal bites you.
The jackal barely misses you. 😮 HP[-3]
You take 3 damage, and now have 11/18 hp.
You are too injured to fight recklessly!
Unknown command.
The jackal closely misses you. The jackal barely misses you.
The jackal attacks as it pursues you! The jackal closely misses you.
The jackal completely misses you.
The jackal bites you but does no damage.
The jackal bites you.
* * * LOW HITPOINT WARNING * * *
The jackal barely misses you. 😨 HP[-2]
You take 2 damage, and now have 9/18 hp.
The jackal attacks as it pursues you! The jackal barely misses you.
The jackal attacks as it pursues you! The jackal bites you.
* * * LOW HITPOINT WARNING * * *
😨 HP[-3]
You take 3 damage, and now have 6/18 hp.
The jackal attacks as it pursues you! The jackal barely misses you.
The jackal attacks as it pursues you! The jackal closely misses you.
The jackal barely misses you. x2; The jackal bites you.
* * * LOW HITPOINT WARNING * * *
😨 HP[-1]
You take 1 damage, and now have 5/18 hp.
Unknown command.
The jackal attacks as it pursues you!
The jackal barely misses you. x2 😨 HP[+1] Unknown command.
The jackal attacks as it pursues you! The jackal barely misses you.
The jackal closely misses you.
You tentacle-slap the jackal. Your grab misses the jackal.
The jackal barely misses you.
You tentacle-slap the jackal. Your grab misses the jackal.
The jackal bites you.
* * * LOW HITPOINT WARNING * * *
The jackal barely misses you.
Unknown command. 😨 HP[-1]
You take 1 damage, and now have 5/18 hp.
You tentacle-slap the jackal. Your grab misses the jackal.
The jackal bites you.
* * * LOW HITPOINT WARNING * * *
😱 HP[-2]
You take 2 damage, and now have 3/18 hp.
You tentacle-slap the jackal.
You kill the jackal!
The jackal closely misses you.
Unknown command.
You closely miss the jackal. Your grab misses the jackal. The jackal bites you.
You die...

Skill      XL: |  1 |
---------------+----+-----
Stealth        | 1 |  1.3
Fighting       | |  1.0
Dodging        | |  2.0
Unarmed Combat | |  3.2
Shapeshifting  | |  3.1

Action                     || total
---------------------------++-------
  Melee: Unarmed           ||    22
         Constrict         ||     4
         Tentacles         ||     2
   Stab: Sleeping          ||     1
 Armour: Skin              ||    16
  Dodge: Dodged            ||    40

Levels and vault maps discovered:
D:1:      psy_arrival_radial01, layout_basic, st_stairs_7

Notes
Turn   | Place    | Note
-------+----------+-------------------------------------------
     0 | D:1      | ytrimaz the Octopode Shapeshifter began the quest for the
                  | Orb.
     0 | D:1      | Reached XP level 1. HP: 13/13 MP: 1/1
     0 | D:1      | magus.rc [v1.9.6]
    34 | D:1      | HP: 3/13 [frozen (4)]
   162 | D:1      | Reached skill level 1 in Stealth
   164 | D:1      | Reached XP level 2. HP: 16/18 MP: 2/2
   215 | D:1      | HP: 3/18 [jackal (2)]
   217 | D:1      | Slain by a jackal

Vanquished Creatures
  An endoplasm (D:1)
  A giant cockroach (D:1)
  A goblin (D:1)
  A jackal (D:1)
  A kobold (D:1)
  2 bats (D:1)
  2 frilled lizards (D:1)
  A rat (D:1)
10 creatures vanquished.

Table legend:
 A = Non-vault XP
 B = Vault XP
 C = Vault XP percentage of total XP
 D = Non-vault monster count
 E = Vault monster count
 F = Vault count percentage of total count
                 A         B        C        D         E       F
            +---------+---------+-------+---------+---------+-------
      Total |      15 |       0 |   0.0 |      10 |       0 |   0.0
            +---------+---------+-------+---------+---------+-------
        D:1 |      15 |       0 |   0.0 |      10 |       0 |   0.0
            +---------+---------+-------+---------+---------+-------

Skill      XL: |  1 |
---------------+----+-----
Stealth        | 1 |  1.3
Fighting       | |  1.0
Dodging        | |  2.0
Unarmed Combat | |  3.2
Shapeshifting  | |  3.1

Action                     || total
---------------------------++-------
  Melee: Unarmed           ||    22
         Constrict         ||     4
         Tentacles         ||     2
   Stab: Sleeping          ||     1
 Armour: Skin              ||    16
  Dodge: Dodged            ||    40

Illustrated notes

Table legend:
 A = Kills in this place as a percentage of kills in the entire game.
 B = Kills by you in this place as a percentage of kills by you in the entire game.
 C = Kills by friends in this place as a percentage of kills by friends in the entire game.
 D = Other kills in this place as a percentage of other kills in the entire game.
 E = Experience gained in this place as a percentage of experience gained in the entire game.
 F = Experience gained in this place divided by the number of levels of this place that you have seen.
                   A       B       C       D       E      F
               +-------+-------+-------+-------+-------+----------------------
         Total | 100.0 | 100.0 |   N/A |   N/A | 100.0 |  15.0
       Dungeon | 100.0 | 100.0 |   N/A |   N/A | 100.0 |  15.0
               +-------+-------+-------+-------+-------+----------------------

Table legend: (Time is in decaauts)
 A = Elapsed time spent in this place.
 B = Non-inter-level travel time spent in this place.
 C = Inter-level travel time spent in this place.
 D = Time resting spent in this place.
 E = Time spent auto-exploring this place.
 F = Levels seen in this place.
 G = Mean time per level.
                   A        B        C        D        E       F      G
               +--------+--------+--------+--------+--------+-----+--------+
         Total |    215 |    215 |      0 |      0 |    152 |   1 |  215.0 |
       Dungeon |    215 |    215 |      0 |      0 |    152 |   1 |  215.0 |
               +--------+--------+--------+--------+--------+-----+--------+

Top non-repeatable levels by time:
     D:1: 215 daAuts
